[Event "Team 45 45 League T57"]
[Site "Internet Chess Club"]
[Date "2013.06.30"]
[Round "6"]
[White "monkhammer"]
[Black "DeltaChess"]
[Result "1-0"]
[WhiteElo "1599"]
[BlackElo "1362"]
[Opening "Evans gambit: Tartakower attack"]
[ECO "C52"]
[Time "14:03:37"]
[TimeControl "2700+45"]

1. e4 e5 2. Nf3 Nc6 3. Bc4 Bc5 4. b4 Bxb4 5. c3 Ba5 6. d4 d6 7. Qb3 Qe7 8. d5
Nd8 9. Qa4+ Bd7 10. Qxa5 b6 11. Qa3 Nh6 12. h3 f5 13. Bg5 Qf7 14. Nbd2 Qg6 15.
Bd3 O-O 16. Bxh6 Qxh6 17. exf5 Bxf5 18. Bxf5 Rxf5 19. O-O Qg6 20. Nh4 Qg5 21.
Nxf5 Qxf5 22. Qa4 Qd3 23. Qe8# {Black checkmated} 1-0

[Event "Team 45 45 League T57"]
[Site "Internet Chess Club"]
[Date "2013.06.29"]
[Round "6"]
[White "wildcat2023"]
[Black "wildangels"]
[Result "1-0"]
[WhiteElo "1453"]
[BlackElo "1074"]
[Opening "French: Rubinstein variation"]
[ECO "C10"]
[Time "09:30:27"]
[TimeControl "2700+45"]

1. e4 e6 2. d4 d5 3. Nc3 dxe4 4. Nxe4 Nd7 5. Nf3 Ngf6 6. Nxf6+ Nxf6 7. Bd3 Be7
8. Qe2 b6 9. Bg5 c5 10. Bb5+ Bd7 11. dxc5 O-O 12. c6 Bc8 13. Rd1 Nd5 14. Bxe7
Qxe7 15. Rxd5 Qb4+ 16. c3 Qg4 17. Rd4 Qf5 18. O-O Re8 19. c7 Rf8 20. Bc6 Bb7 21.
Bxb7 Rae8 22. Rfd1 Qc5 23. Rc4 Qb5 24. Bc6 Qa5 25. Bxe8 Rxe8 26. c8=Q g6 27.
Qxe8+ Kg7 28. Qe5+ f6 29. Rc7+ Kh6 30. Qf8# {Black checkmated} 1-0

[Event "Team 45 45 League T57"]
[Site "Internet Chess Club"]
[Date "2013.07.01"]
[Round "6"]
[White "kutch"]
[Black "Bible-Believer"]
[Result "1-0"]
[WhiteElo "1482"]
[BlackElo "1633"]
[Opening "English: symmetrical, Benoni formation"]
[ECO "A31"]
[Time "21:01:18"]
[TimeControl "2700+45"]

1. d4 Nf6 2. c4 c5 3. Nf3 cxd4 4. Nxd4 Nc6 5. Nc3 e5 6. Nxc6 bxc6 7. g3 Bb4 8.
Bd2 Ba6 9. Qa4 Qa5 10. Qxa5 Bxa5 11. b3 O-O 12. Bg2 Rad8 13. e4 Bb7 14. Rd1 Rfe8
15. O-O h6 16. a3 d6 17. Nd5 cxd5 18. Bxa5 Rc8 19. exd5 Rc5 20. Bb4 Rcc8 21.
Bxd6 Nd7 22. Bh3 Rcd8 23. Bc7 {Black resigns} 1-0

[Event "Team 45 45 League T57"]
[Site "Internet Chess Club"]
[Date "2013.06.27"]
[Round "6"]
[White "palm47"]
[Black "PostMike"]
[Result "1-0"]
[WhiteElo "1621"]
[BlackElo "1519"]
[Opening "Sicilian: Alapin's variation (2.c3)"]
[ECO "B22"]
[Time "14:01:33"]
[TimeControl "2700+45"]

1. e4 c5 2. c3 e6 3. d4 cxd4 4. cxd4 Nf6 5. Nc3 Bb4 6. Bd3 Nc6 7. Ne2 O-O 8. Bf4
Qb6 9. a3 Be7 10. d5 Nb8 11. Na4 Qd8 12. d6 Qa5+ 13. b4 Qh5 14. dxe7 Re8 15. Rc1
Nc6 16. Rc5 d5 17. exd5 Nxd5 18. Bb5 Rxe7 19. Bxc6 bxc6 20. Rxc6 Bb7 21. Rc5 Qg4
22. Bg3 Nf6 23. h3 Qg6 24. Nac3 Bxg2 25. Nf4 Bxh1 26. Nxg6 hxg6 27. f3 Bg2 28.
h4 Rd7 29. Qe2 Bh3 30. Qa6 Rad8 31. Bc7 Rf8 32. Qxa7 Rd3 33. Ke2 Bf5 34. Rxf5
Rxc3 35. Rg5 Nd5 36. Be5 Rcc8 37. h5 f6 38. Rxg6 Rf7 39. Qa6 Re8 40. Bg3 e5 41.
Qc6 Rd8 42. h6 Rdd7 43. hxg7 Rxg7 44. Rxg7+ Kxg7 45. Qxd7+ {Black resigns} 1-0

[Event "Team 45 45 League T57"]
[Site "Internet Chess Club"]
[Date "2013.06.27"]
[Round "6"]
[White "jjaillet2007"]
[Black "kingsrook"]
[Result "1-0"]
[WhiteElo "1402"]
[BlackElo "1262"]
[Opening "QGD Slav defense"]
[ECO "D10"]
[Time "19:00:09"]
[TimeControl "2700+45"]

1. d4 d5 2. c4 c6 3. Nc3 Nf6 4. cxd5 cxd5 5. Bf4 a6 6. e3 Nc6 7. Bd3 e6 8. Nf3
Bd6 9. Bg5 h6 10. Bh4 Qc7 11. Bxf6 gxf6 12. O-O Bd7 13. Re1 f5 14. Rc1 O-O-O 15.
a3 Rdg8 16. b4 Kd8 17. Ne2 Qb8 18. Qd2 b5 19. Nf4 h5 20. Be2 h4 21. h3 Ne7 22.
Ne5 Bxe5 23. dxe5 Qxe5 24. Qd4 Qb8 25. Bh5 e5 26. Qc3 exf4 27. Bxf7 Rf8 28. Qg7
Be8 29. Be6 Qd6 30. exf4 Ng6 31. Rc8# {Black checkmated} 1-0

[Event "Team 45 45 League T57"]
[Site "Internet Chess Club"]
[Date "2013.06.29"]
[Round "6"]
[White "JRussell2"]
[Black "Aquaman"]
[Result "0-1"]
[WhiteElo "1379"]
[BlackElo "1345"]
[Opening "Bird's opening: Lasker variation"]
[ECO "A02"]
[Time "15:00:24"]
[TimeControl "2700+45"]

1. f4 Nf6 2. Nf3 d5 3. e3 c5 4. Bb5+ Bd7 5. Bxd7+ Nbxd7 6. O-O e6 7. d3 Be7 8.
Nc3 O-O 9. b3 a6 10. a4 Qc7 11. Bb2 Bd6 12. Rc1 Rac8 13. Ne2 Rfe8 14. c4 Qb8 15.
d4 Ne4 16. dxc5 Ndxc5 17. Ned4 dxc4 18. bxc4 Nd7 19. Ng5 Nef6 20. Qf3 h6 21. Ne4
Nxe4 22. Qxe4 Nf6 23. Qf3 e5 24. fxe5 Bxe5 25. Ba1 Bxh2+ 26. Kh1 Be5 27. Rb1
Bxd4 28. Bxd4 Re6 29. Rxb7 Qa8 30. Rb4 Qxf3 31. Rxf3 a5 32. Rb5 Rxc4 33. Rxa5
Rc1+ 34. Kh2 Ng4+ 35. Kg3 Rg6 36. Kf4 Nh2 37. Rg3 Rf1+ 38. Ke5 Rxg3 39. Kd5 Rg5+
40. Kc6 Rxa5 {White resigns} 0-1

[Event "Team 45 45 League T57"]
[Site "Internet Chess Club"]
[Date "2013.06.30"]
[Round "6"]
[White "okieman888"]
[Black "sohamjoshi"]
[Result "1-0"]
[WhiteElo "1415"]
[BlackElo "1350"]
[Opening "Philidor: Improved Hanham variation"]
[ECO "B07"]
[Time "20:35:48"]
[TimeControl "2700+45"]

1. e4 d6 2. d4 Nf6 3. Nc3 Nbd7 4. Nf3 e5 5. Bc4 Be7 6. O-O O-O 7. Be3 c6 8. a4
Re8 9. Qd2 Nb6 10. Bb3 a5 11. h3 Bd7 12. dxe5 dxe5 13. Nxe5 Bb4 14. Bxf7+ Kf8
15. Bxe8 Qxe8 16. Nxd7+ Nbxd7 17. Rfe1 Nxe4 18. Qd4 Ndf6 19. Nxe4 Bxe1 20. Nxf6
Bxf2+ 21. Bxf2 gxf6 22. Qxf6+ Qf7 23. Qxf7+ Kxf7 24. Bb6 Kf6 25. Rd1 Ke6 26. Kf2
Rf8+ 27. Ke3 Ra8 28. Rd8 Ra6 29. Bd4 b6 30. Rh8 c5 31. Bg7 Ra7 32. Bh6 Re7 33.
Bg5 Rg7 34. h4 Kd5 35. Kd3 c4+ 36. Kc3 Rf7 37. Rd8+ Kc6 38. Rc8+ Kd5 39. Rxc4
Rf2 40. Rd4+ Kc6 41. g4 Rf3+ 42. Rd3 Rxd3+ 43. Kxd3 Kc5 44. Kc3 Kd5 45. Be3 b5
46. axb5 Ke4 47. b6 Kxe3 48. b7 Kf4 49. b8=Q+ {Black resigns} 1-0

[Event "Team 45 45 League T57"]
[Site "Internet Chess Club"]
[Date "2013.06.29"]
[Round "6"]
[White "Ostap-Bender"]
[Black "ethan0627"]
[Result "0-1"]
[WhiteElo "1397"]
[BlackElo "1403"]
[Opening "QGD: Tarrasch defense"]
[ECO "D32"]
[Time "14:01:20"]
[TimeControl "2700+45"]

1. d4 d5 2. c4 e6 3. Nf3 c5 4. cxd5 exd5 5. Nc3 Nf6 6. Bf4 Nc6 7. e3 c4 8. Nb5
Bb4+ 9. Nc3 Ne4 10. Qc2 Qa5 11. Rc1 Qxa2 12. Be2 Qa5 13. O-O Nxc3 14. bxc3 Be7
15. Ra1 Qd8 16. Rfb1 g6 17. Bh6 Bf5 18. Qb2 Bxb1 19. Rxb1 Rb8 20. Bd1 a6 21. Bc2
b5 22. e4 Bf8 23. Bf4 Bg7 24. Bxb8 Nxb8 25. exd5 Qxd5 26. Re1+ Kd7 27. Be4 Qd6
28. Ne5+ Kc7 29. Nxf7 Qf8 30. Nxh8 Qxh8 31. Qb4 Qf8 32. Qxf8 Bxf8 33. Bd5 a5 34.
Re8 Bd6 35. Rh8 a4 36. Rxh7+ Kb6 37. Rb7+ Ka6 38. Rg7 a3 39. Bb7+ Kb6 40. Be4 a2
41. Rb7+ Ka6 {White resigns} 0-1

[Event "Team 45 45 League T57"]
[Site "Internet Chess Club"]
[Date "2013.06.29"]
[Round "6"]
[White "MateMaster"]
[Black "stantheman59"]
[Result "1-0"]
[WhiteElo "1471"]
[BlackElo "1199"]
[Opening "French: Winawer (Nimzovich) variation"]
[ECO "C15"]
[Time "13:14:56"]
[TimeControl "2700+45"]

1. e4 e6 2. d4 d5 3. Nc3 Bb4 4. Bd3 Nc6 5. Nf3 Qe7 6. Bd2 Bxc3 7. Bxc3 a5 8. O-O
Nh6 9. Qd2 f6 10. Rfe1 Bd7 11. exd5 Na7 12. dxe6 Bb5 13. Be4 O-O-O 14. d5 b6 15.
a4 Bc6 16. Bxa5 f5 17. Bd3 Bxd5 18. Bb4 c5 19. Qc3 Nc6 20. Ba3 g5 21. b3 Bxe6
22. Bc4 Rd6 23. Ne5 Nd4 24. Nf3 g4 25. Nxd4 Rxd4 26. Qxd4 Rd8 27. Bxe6+ Kb8 28.
Qf4+ Qd6 29. Qxh6 Qd2 30. Qxd2 {Black resigns} 1-0

[Event "Team 45 45 League T57"]
[Site "Internet Chess Club"]
[Date "2013.07.01"]
[Round "6"]
[White "badmove"]
[Black "rookmaster23"]
[Result "1-0"]
[WhiteElo "1693"]
[BlackElo "1612"]
[Opening "King's Indian: Kramer system"]
[ECO "E70"]
[Time "17:02:15"]
[TimeControl "2700+45"]

1. d4 Nf6 2. c4 g6 3. Nc3 Bg7 4. e4 d6 5. Nge2 O-O 6. Ng3 e5 7. d5 Nbd7 8. Be2
a5 9. h4 h5 10. Bg5 Nc5 11. Bxh5 gxh5 12. Nxh5 Ncd7 13. Qf3 b6 14. Rh3 Ba6 15.
Rg3 Nxh5 16. Qxh5 f6 17. Bh6 Rf7 18. Qxf7+ Kxf7 19. Rxg7+ Ke8 20. Rg8+ Kf7 21.
Rg7+ Ke8 22. Rg8+ Kf7 23. Rxd8 Rxd8 24. b3 Rh8 25. Be3 Rxh4 26. Ke2 Kg6 27. f3
f5 28. Rg1 Nf6 29. Bf2 Rh5 30. exf5+ Rxf5 31. g4 Rf4 32. Be3 Bxc4+ 33. bxc4 Rxc4
34. Kd3 Rb4 35. g5 Nh5 36. Rb1 Rxb1 37. Nxb1 Kf5 38. Nc3 Nf4+ 39. Bxf4 exf4 40.
Kd4 Kxg5 41. Nb5 Kh4 42. Nxc7 Kg3 43. Ke4 a4 44. a3 {Black resigns} 1-0

[Event "Team 45 45 League T57"]
[Site "Internet Chess Club"]
[Date "2013.07.01"]
[Round "6"]
[White "sdcohle"]
[Black "Elalfer"]
[Result "0-1"]
[WhiteElo "1437"]
[BlackElo "1485"]
[Opening "QGD"]
[ECO "D30"]
[Time "13:00:16"]
[TimeControl "2700+45"]

1. d4 d5 2. c4 e6 3. Nf3 Nf6 4. Bg5 Be7 5. e3 c6 6. Nc3 Nbd7 7. Bd3 dxc4 8. Bxc4
b5 9. Be2 O-O 10. a3 Bb7 11. O-O a6 12. e4 c5 13. e5 Nd5 14. Bxe7 Qxe7 15. Nxd5
Bxd5 16. dxc5 Nxc5 17. Nd4 Rad8 18. Bf3 Bxf3 19. gxf3 Rd5 20. b4 Na4 21. Re1
Rfd8 22. Re4 Nc3 23. Qc2 Nxe4 24. Nc6 Qg5+ 25. Kf1 Nd2+ 26. Ke2 Nxf3 27. Nxd8
Nd4+ 28. Kd3 Nxc2+ 29. Kxc2 Qd2+ 30. Kb1 Rd3 31. Ra2 Rb3+ 32. Ka1 Qc1# {White
checkmated} 0-1

[Event "Team 45 45 League T57"]
[Site "Internet Chess Club"]
[Date "2013.06.29"]
[Round "6"]
[White "Berke"]
[Black "smsxman"]
[Result "1-0"]
[WhiteElo "1608"]
[BlackElo "1581"]
[Opening "Scotch gambit"]
[ECO "C44"]
[Time "14:00:41"]
[TimeControl "2700+45"]

1. e4 e5 2. Nf3 Nc6 3. d4 exd4 4. Bc4 d6 5. c3 d3 6. Qb3 Qe7 7. O-O a6 8. Bg5
Nf6 9. Bxd3 Na5 10. Qa4+ Nc6 11. Nbd2 Bd7 12. Qc2 O-O-O 13. b4 h6 14. Bh4 g5 15.
Bg3 Na7 16. a4 d5 17. exd5 Nxd5 18. Rfe1 Qf6 19. Be5 Qc6 20. Bxh8 f6 21. b5 axb5
22. axb5 Qb6 23. Qa4 Bc5 24. Ne4 Kb8 25. Nxc5 Qxc5 26. c4 Nc3 27. Qa3 Qxa3 28.
Rxa3 Rxh8 29. Rxc3 b6 30. Re7 Bg4 31. Nd4 Rd8 32. Nf3 Bf5 33. Re3 Bc8 34. Ra3
Bb7 35. h4 g4 36. Ne1 h5 37. Re2 Rf8 38. Rea2 Nc8 39. Nc2 f5 40. Nd4 f4 41. Nc6+
Bxc6 42. bxc6 {Black resigns} 1-0

[Event "Team 45 45 League T57"]
[Site "Internet Chess Club"]
[Date "2013.06.29"]
[Round "6"]
[White "Toalla"]
[Black "tamky70"]
[Result "0-1"]
[WhiteElo "1375"]
[BlackElo "1488"]
[Opening "French: Schlechter variation"]
[ECO "C01"]
[Time "13:01:16"]
[TimeControl "2700+45"]

1. e4 e6 2. d4 d5 3. Bd3 dxe4 4. Bxe4 Nf6 5. Bg5 Be7 6. Bxf6 Bxf6 7. c3 O-O 8.
Nf3 Nc6 9. O-O Ne7 10. Nbd2 c6 11. Re1 Nd5 12. g3 Be7 13. Nf1 Nf6 14. Bc2 g6 15.
Ne3 c5 16. Qd3 cxd4 17. Qxd4 Qxd4 18. Nxd4 Bc5 19. Rad1 a6 20. Nc4 Re8 21. Ne5
Rb8 22. Ndf3 Rf8 23. Ng5 Kg7 24. Ngxf7 Rxf7 25. Nxf7 Kxf7 26. Bb3 Nd5 27. Re2 b5
28. Bxd5 exd5 29. Rxd5 Be7 30. Rde5 Rb7 31. Kg2 Rc7 32. f4 Bb7+ 33. Kh3 Bc8+ 34.
Kg2 Bg4 35. Rd2 Be6 36. b4 Rxc3 37. Rde2 Rc6 38. a3 Bf6 39. R5e3 Bc4 40. Rd2 Be6
41. Rde2 Bd5+ 42. Kh3 Re6 43. Rxe6 Bxe6+ 44. Kg2 Bd5+ 45. Kh3 Kg7 46. g4 h5 47.
g5 Bc3 48. Kg3 Kf7 49. h4 Be6 50. Re3 Bb2 51. Rd3 Ke7 52. Re3 Kd6 53. Re2 Bxa3
54. Re4 Bb2 55. Re3 Kd5 56. Kg2 Bf5 57. Kf1 Kc4 58. Ke2 Kxb4 59. Re8 a5 {White
resigns} 0-1

[Event "Team 45 45 League T57"]
[Site "Internet Chess Club"]
[Date "2013.07.01"]
[Round "6"]
[White "arconia"]
[Black "Nxs123"]
[Result "0-1"]
[WhiteElo "1283"]
[BlackElo "1522"]
[Opening "Inverted Hungarian"]
[ECO "C44"]
[Time "14:00:17"]
[TimeControl "2700+45"]

1. e4 e5 2. Nf3 Nc6 3. Be2 Bc5 4. O-O Nf6 5. d3 h6 6. a3 d6 7. h3 O-O 8. Nc3 Nh7
9. b4 Bb6 10. Bb2 f6 11. Nh2 f5 12. Bh5 Nf6 13. Bg6 Ne7 14. exf5 Nxf5 15. Bxf5
Bxf5 16. Ne2 Qe8 17. Ng3 Bd7 18. c4 Qg6 19. d4 exd4 20. Bxd4 Bxd4 21. Qxd4 Rfe8
22. Nf3 Ne4 23. Nh4 Nxg3 24. fxg3 Qxg3 25. Nf5 Bxf5 26. Rxf5 Qe3+ 27. Qxe3 Rxe3
28. a4 Re4 29. Rc1 Rae8 30. Kf1 Rf8 31. Rxf8+ Kxf8 32. a5 a6 33. Kf2 Kf7 34. Kf3
Re5 35. g4 g5 36. b5 axb5 37. cxb5 Rxb5 38. Rxc7+ Kf6 39. Rc6 {White resigns}
0-1

[Event "Team 45 45 League T57"]
[Site "Internet Chess Club"]
[Date "2013.06.30"]
[Round "6"]
[White "rhayder"]
[Black "RockingCHESS"]
[Result "1-0"]
[WhiteElo "1321"]
[BlackElo "1016"]
[Opening "Ruy Lopez: Berlin defense, 4.O-O, d6"]
[ECO "C66"]
[Time "17:25:20"]
[TimeControl "2700+45"]

1. e4 e5 2. Nf3 Nc6 3. Bb5 d6 4. O-O Nf6 5. Nc3 Be7 6. Re1 O-O 7. Bxc6 bxc6 8.
d4 exd4 9. Nxd4 c5 10. Nc6 Qd7 11. Nxe7+ Qxe7 12. Bg5 Qe6 13. Bxf6 Qxf6 14. Nd5
Qg6 15. Ne7+ Kh8 16. Nxg6+ fxg6 17. e5 dxe5 18. Rxe5 Be6 19. Rxe6 Rad8 20. Qe2
a5 21. Rd1 Rb8 22. b3 Rb4 23. Re8 Rf4 24. Rxf8+ Rxf8 25. Qd2 Kg8 26. Qd5+ Rf7
27. Re1 Kf8 28. Qxc5+ Kg8 29. Re8+ Rf8 30. Rxf8# {Black checkmated} 1-0

[Event "Team 45 45 League T57"]
[Site "Internet Chess Club"]
[Date "2013.06.28"]
[Round "6"]
[White "MasterD"]
[Black "oldbookseller"]
[Result "1-0"]
[WhiteElo "1321"]
[BlackElo "958"]
[Opening "Bishop's opening: Classical variation"]
[ECO "C23"]
[Time "13:00:50"]
[TimeControl "2700+45"]

1. e4 e5 2. Bc4 Bc5 3. Nc3 Nf6 4. d3 O-O 5. f4 Nc6 6. Nf3 d6 7. f5 Nd4 8. Nxd4
Bxd4 9. Qf3 b6 10. Be3 c5 11. Bxd4 cxd4 12. Nd5 Bd7 13. O-O a6 14. a3 b5 15. Ba2
a5 16. c3 dxc3 17. bxc3 b4 18. axb4 axb4 19. Nxb4 Qb6+ 20. Qf2 Rab8 21. Qxb6
Rxb6 22. Nd5 Rb2 23. Nxf6+ gxf6 24. Rf2 Rbb8 25. Raf1 Bb5 26. Rf3 Bc6 27. Rh3 d5
28. Bxd5 Be8 29. Rff3 Rb1+ 30. Kf2 Rb2+ 31. Kg1 Kh8 32. Rh4 Rg8 33. g4 Rb1+ 34.
Kf2 Rb2+ 35. Ke3 Rc2 36. Rfh3 Rxc3 37. Rxh7# {Black checkmated} 1-0

[Event "Team 45 45 League T57"]
[Site "Internet Chess Club"]
[Date "2013.06.28"]
[Round "6"]
[White "fuzzface"]
[Black "g8wrb"]
[Result "1-0"]
[WhiteElo "1364"]
[BlackElo "1418"]
[Opening "Queen's pawn: Torre attack"]
[ECO "A45"]
[Time "09:04:39"]
[TimeControl "2700+45"]

1. d4 Nf6 2. Bg5 e6 3. Nf3 Bb4+ 4. c3 Be7 5. e3 b6 6. Nbd2 Bb7 7. Be2 O-O 8. O-O
Ne4 9. Bxe7 Qxe7 10. Nxe4 Bxe4 11. Bd3 d5 12. Bxe4 dxe4 13. Nd2 f5 14. f3 Qg5
15. Qe2 exf3 16. Nxf3 Qg4 17. h3 Qh5 18. Qc4 Qf7 19. Rad1 Re8 20. Ne5 Qe7 21.
Rf2 c5 22. Rxf5 b5 23. Qxc5 exf5 24. Qxe7 Rxe7 25. Rf1 g6 26. g4 fxg4 27. Nxg4
Nd7 28. b3 Rf8 29. Re1 Nf6 30. Ne5 Ne4 31. c4 bxc4 32. bxc4 Rf2 33. c5 Rxa2 34.
c6 Rc2 35. Rb1 Nd6 36. Rb8+ Kg7 37. Rd8 Nb5 38. Rd7 Kf6 39. Ng4+ Kf7 40. Ne5+
Ke8 41. Rb7 Rb2 42. Rb8# {Black checkmated} 1-0

[Event "Team 45 45 League T57"]
[Site "Internet Chess Club"]
[Date "2013.07.01"]
[Round "6"]
[White "AtomicDog"]
[Black "tamky70"]
[Result "1/2-1/2"]
[WhiteElo "1364"]
[BlackElo "1482"]
[Opening "Pirc: classical system, 5.Be2"]
[ECO "B08"]
[Time "09:41:45"]
[TimeControl "2700+45"]

1. e4 d6 2. d4 Nf6 3. Nc3 g6 4. Nf3 Bg7 5. Be2 O-O 6. O-O Nc6 7. d5 Ne5 8. Nxe5
dxe5 9. Be3 Bd7 10. f4 exf4 11. Rxf4 e5 12. Rf2 Ne8 13. Qd2 Nd6 14. Raf1 Qh4 15.
Bd3 h6 16. Rf3 Kh7 17. Qf2 Qxf2+ 18. R3xf2 a6 19. Ne2 f5 20. exf5 Bxf5 21. Bxf5
Nxf5 22. Bc5 Rfd8 23. c4 b6 24. Bb4 Ne3 25. Rc1 c5 26. dxc6 a5 27. Ba3 Rdc8 28.
Ng3 Rxc6 29. b3 Rac8 30. Ne4 b5 31. c5 Nf5 32. Re1 b4 33. Bb2 Nd4 34. Nd6 Rf8
35. Rxf8 Bxf8 36. Rxe5 Bxd6 37. cxd6 Rxd6 38. Re7+ Kg8 39. Bxd4 Rxd4 40. Re2 Rd5
41. Kf2 Kf7 42. Ke3 Re5+ 43. Kd3 Rc5 44. Rc2 Rd5+ 45. Ke3 {Game drawn by mutual
agreement} 1/2-1/2

[Event "Team 45 45 League T57"]
[Site "Internet Chess Club"]
[Date "2013.06.29"]
[Round "6"]
[White "Tribe97"]
[Black "rgadoury"]
[Result "1/2-1/2"]
[WhiteElo "1259"]
[BlackElo "1236"]
[Opening "Scotch game"]
[ECO "C45"]
[Time "14:00:40"]
[TimeControl "2700+45"]

1. e4 e5 2. Nf3 Nc6 3. d4 exd4 4. Nxd4 Nxd4 5. Qxd4 f6 6. Bc4 Ne7 7. O-O c6 8.
Re1 Qb6 9. Be3 Qxd4 10. Bxd4 d6 11. Nc3 b5 12. Bb3 Ba6 13. Be6 c5 14. Be3 b4 15.
Nd5 Nxd5 16. exd5 Bc8 17. Bxc8 Rxc8 18. Bxc5+ Kd7 19. Bxb4 Rxc2 20. b3 Be7 21.
Rec1 Rhc8 22. Rxc2 Rxc2 23. Ba5 Bd8 24. Bxd8 Kxd8 25. Kf1 Rd2 26. a3 Rxd5 27. b4
a5 28. Rb1 Rb5 29. Ke2 axb4 30. axb4 Kd7 31. f4 f5 32. g3 g6 33. Ke3 d5 34. Rd1
Kd6 35. Rb1 Rb6 36. Kd4 Rb5 {Game drawn by mutual agreement} 1/2-1/2

[Event "Team 45 45 League T57"]
[Site "Internet Chess Club"]
[Date "2013.06.29"]
[Round "6"]
[White "rapidfire"]
[Black "kabubi"]
[Result "0-1"]
[WhiteElo "1134"]
[BlackElo "1150"]
[Opening "Scotch gambit"]
[ECO "C44"]
[Time "15:00:11"]
[TimeControl "2700+45"]

1. e4 e5 2. Nf3 Nc6 3. d4 exd4 4. Bc4 Bc5 5. c3 dxc3 6. Bxf7+ Kxf7 7. Qd5+ Ke8
8. Qxc5 cxb2 9. Bxb2 d6 10. Qh5+ Kf8 11. Ng5 Nh6 12. f4 Kg8 13. f5 Qf8 14. O-O
Bd7 15. Nd2 Rb8 16. Rf3 Nf7 17. Raf1 Nfe5 18. R3f2 Re8 19. f6 gxf6 20. Rxf6 Qg7
21. Ne6 Rxe6 22. Rxe6 h6 23. Ref6 Bg4 24. Qh4 Bc8 25. Nf3 Ng4 26. Rf4 Qxb2 27.
Rf8+ Kh7 28. Ng5+ Kg6 29. R8f4 hxg5 30. Qg3 Qd4+ 31. R4f2 Nxf2 32. Rxf2 Qxe4 33.
Qb3 Be6 34. Qc3 Qe5 35. Qd3+ Bf5 36. Qf3 Nd4 37. Qd1 Qxh2+ {White resigns} 0-1

[Event "Team 45 45 League T57"]
[Site "Internet Chess Club"]
[Date "2013.06.30"]
[Round "6"]
[White "zap2"]
[Black "xt"]
[Result "1-0"]
[WhiteElo "1763"]
[BlackElo "1636"]
[Opening "Benko's opening"]
[ECO "A00"]
[Time "14:46:44"]
[TimeControl "2700+45"]

1. g3 g6 2. Bg2 Bg7 3. d3 d6 4. e4 e5 5. Nd2 Nd7 6. Ngf3 f5 7. exf5 gxf5 8. O-O
Ngf6 9. Qe2 O-O 10. Nh4 f4 11. Nf5 Rf7 12. gxf4 exf4 13. Nf3 Nf8 14. Nxg7 Rxg7
15. Bxf4 Bh3 16. Bg3 Bxg2 17. Kxg2 Nd5 18. Qe4 Nf6 19. Qc4+ d5 20. Qd4 h5 21.
Kh1 c5 22. Qe5 Ng6 23. Qe6+ Kh8 24. Ng5 Qe7 25. Rae1 Re8 26. Bd6 Qxe6 27. Rxe6
Rxe6 28. Nxe6 Rd7 29. Bxc5 b6 30. Bd4 Kg8 31. Rg1 Kf7 32. Ng5+ Ke7 33. Re1+ Kf8
34. Bxf6 Nf4 35. Be5 {Black resigns} 1-0

[Event "Team 45 45 League T57"]
[Site "Internet Chess Club"]
[Date "2013.07.01"]
[Round "6"]
[White "Warpdrive"]
[Black "knightstormala"]
[Result "0-1"]
[WhiteElo "1656"]
[BlackElo "1766"]
[Opening "Sicilian: Pelikan (Lasker/Sveshnikov) variation"]
[ECO "B33"]
[Time "20:14:38"]
[TimeControl "2700+45"]

1. e4 c5 2. Nf3 Nc6 3. d4 cxd4 4. Nxd4 Nf6 5. Nc3 e5 6. Nxc6 bxc6 7. Be2 Bb4 8.
Qd3 O-O 9. f3 h6 10. Bd2 d5 11. exd5 cxd5 12. a3 Be7 13. h4 d4 14. Ne4 Nh5 15.
O-O-O f5 16. Qc4+ Kh8 17. g4 fxe4 18. gxh5 Bf5 19. fxe4 Bxe4 20. Rhg1 Rc8 21.
Qe6 Rxc2+ {White resigns} 0-1

[Event "Team 45 45 League T57"]
[Site "Internet Chess Club"]
[Date "2013.06.30"]
[Round "6"]
[White "bayoumicardio10"]
[Black "oldsj"]
[Result "1-0"]
[WhiteElo "1678"]
[BlackElo "1537"]
[Opening "Sicilian: Grand Prix attack"]
[ECO "B23"]
[Time "15:00:58"]
[TimeControl "2700+45"]

1. e4 c5 2. Nc3 Nc6 3. f4 e6 4. Nf3 d5 5. Bb5 a6 6. Bxc6+ bxc6 7. d3 Ne7 8. O-O
Ng6 9. Qe1 Be7 10. e5 a5 11. b3 Ba6 12. Nd2 Qc7 13. Ba3 Nh4 14. Na4 Qa7 15. Qf2
c4 16. Qxa7 Rxa7 17. Bxe7 Kxe7 18. dxc4 dxc4 19. Nxc4 Bxc4 20. bxc4 Nf5 21. Rfd1
Rd8 22. Rxd8 Kxd8 23. Rd1+ Rd7 24. Rxd7+ Kxd7 25. Nc5+ Kc7 26. Kf2 Ne7 27. g4
Nc8 28. Ke3 Nb6 29. Kd4 Nc8 30. Ne4 h6 31. Kc5 Nb6 32. Nd6 Nd7+ 33. Kd4 c5+ 34.
Ke4 f6 35. Ne8+ Kd8 36. Nxg7 Ke7 37. Nh5 fxe5 38. fxe5 Kf7 39. Nf4 Nb6 40. Kd3
Nd7 41. Ke4 Nb6 42. h4 Na4 43. g5 hxg5 44. hxg5 Nc3+ 45. Kd3 Nxa2 46. g6+ Kg7
47. c3 Nc1+ 48. Kc2 Ne2 49. Nxe2 Kxg6 50. Nf4+ Kf5 51. Nd3 Ke4 52. Nxc5+ Kxe5
53. Kb3 Kd6 54. Nd3 e5 55. Nf2 Kc6 56. Ne4 Kb6 57. Ka4 {Black resigns} 1-0

[Event "Team 45 45 League T57"]
[Site "Internet Chess Club"]
[Date "2013.06.30"]
[Round "6"]
[White "nanning"]
[Black "ChessMaine"]
[Result "1-0"]
[WhiteElo "1659"]
[BlackElo "1408"]
[Opening "French: Fort Knox variation"]
[ECO "C10"]
[Time "05:01:48"]
[TimeControl "2700+45"]

1. e4 e6 2. d4 d5 3. Nc3 dxe4 4. Nxe4 Bd7 5. Nf3 Bc6 6. Bd3 Nd7 7. c4 Ngf6 8.
Nc3 Bxf3 9. Qxf3 c6 10. O-O Be7 11. Be3 O-O 12. Rad1 Qc7 13. Rfe1 Rad8 14. Bb1
h6 15. Qh3 Rfe8 16. c5 Nd5 17. Bxh6 gxh6 18. Qxh6 N7f6 19. Re5 Bf8 20. Rg5+
{Black resigns} 1-0

[Event "Team 45 45 League T57"]
[Site "Internet Chess Club"]
[Date "2013.06.30"]
[Round "6"]
[White "infiniteshug"]
[Black "gcl"]
[Result "1-0"]
[WhiteElo "1882"]
[BlackElo "1672"]
[Opening "Sicilian: closed"]
[ECO "B23"]
[Time "07:04:42"]
[TimeControl "2700+45"]

1. e4 c5 2. Nc3 e6 3. f4 Nc6 4. Nf3 a6 5. d3 b5 6. g3 Bb7 7. Bg2 d6 8. O-O Nf6
9. Qe1 Be7 10. Bd2 Qc7 11. h3 h5 12. Ng5 Nd4 13. Rc1 Nd7 14. Ne2 Nc6 15. Bc3 Bf6
16. Bxf6 gxf6 17. Nf3 O-O-O 18. Qf2 Rdg8 19. a3 Ne7 20. b4 f5 21. Ng5 Rg7 22. h4
Nf6 23. bxc5 dxc5 24. c4 Ng4 25. Qe1 Ne3 26. Qc3 Rhg8 27. cxb5 Nxf1 28. bxa6
Bxa6 29. Kxf1 Rg6 30. Nxf7 Rxg3 31. Qxc5 Qxc5 32. Rxc5+ Kb8 33. Nxg3 Rxg3 34.
Ne5 Bxd3+ 35. Kf2 Rxg2+ 36. Kxg2 Bxe4+ 37. Kg3 Ng8 38. Nd7+ Kb7 39. Re5 Bd5 40.
Nc5+ Ka7 41. Nxe6 Be4 42. Ng7 Nh6 43. Nxh5 Ng4 44. Rxe4 {Black resigns} 1-0

[Event "Team 45 45 League T57"]
[Site "Internet Chess Club"]
[Date "2013.06.29"]
[Round "6"]
[White "PostMike"]
[Black "Invicta-Knight"]
[Result "1-0"]
[WhiteElo "1533"]
[BlackElo "1461"]
[Opening "Scandinavian defense"]
[ECO "B01"]
[Time "15:09:55"]
[TimeControl "2700+45"]

1. e4 d5 2. exd5 Nf6 3. d4 Qxd5 4. Nc3 Qd6 5. Nf3 Nc6 6. Bb5 Bd7 7. O-O O-O-O 8.
Ne2 h6 9. c3 g5 10. Bc4 Nd5 11. a4 Be6 12. Nd2 Nf4 13. Ne4 Qd7 14. Nc5 Qd6 15.
Nxe6 fxe6 16. Nxf4 gxf4 17. Qg4 h5 18. Qxe6+ Qxe6 19. Bxe6+ Kb8 20. Bxf4 Bh6 21.
Bxh6 Rxh6 22. Bh3 Rd5 23. f4 b6 24. Rae1 Rh7 25. b4 a6 26. g3 h4 27. g4 Kc8 28.
g5+ Kd8 29. Bg2 Rd6 30. f5 h3 31. Be4 Rh5 32. g6 Ke8 33. Re3 Nxb4 34. cxb4 Rxd4
35. Bc6+ Kf8 36. Bb7 Rxb4 37. Bxa6 Rxa4 38. Bc8 c5 39. Rg3 Kg7 40. Re1 Ra7 41.
Kf2 Rxf5+ 42. Bxf5 {Black resigns} 1-0

[Event "Team 45 45 League T57"]
[Site "Internet Chess Club"]
[Date "2013.06.30"]
[Round "6"]
[White "dscvdchk"]
[Black "arnx813"]
[Result "1/2-1/2"]
[WhiteElo "1497"]
[BlackElo "1401"]
[Opening "Queen's gambit declined"]
[ECO "D30"]
[Time "09:35:57"]
[TimeControl "2700+45"]

1. d4 d5 2. c4 e6 3. Nf3 c5 4. e3 Nc6 5. Be2 Nf6 6. O-O Bd6 7. dxc5 Bxc5 8. Nc3
O-O 9. a3 a5 10. Re1 Re8 11. h3 b6 12. Qc2 Qe7 13. cxd5 exd5 14. Bd2 Be6 15.
Rad1 Red8 16. Nb5 Ne4 {Game drawn by mutual agreement} 1/2-1/2